 Seeded DCSS version 0.30-a0-840-ga523dec638 (webtiles) character file.

Game seed: 20230301 (custom seed)

46 bmack86 the Trooper (level 3, 33/33 HPs)
             Began as a Minotaur Fighter on Mar 1, 2023.
             Quit the game on level 2 of the Dungeon.
             The game lasted 00:02:19 (1075 turns).

bmack86 the Trooper (Minotaur Fighter)              Turns: 1075, Time: 00:02:20

Health: 33/33      AC:  7    Str: 22    XL:     3   Next: 44%
Magic:  11/11      EV:  9    Int:  5    God:
Gold:   48         SH:  4    Dex:  9    Spells: 2/2 levels left

rFire   . . .      SeeInvis .    a - +0 war axe
rCold   . . .      Faith    .    c - +0 buckler
rNeg    . . .      Spirit   .    b - +0 scale mail
rPois   .          Reflect  .    (helmet restricted)
rElec   .          Harm     .    (no cloak)
rCorr   .          Rampage  .    (no gloves)
Will    .....                    (no boots) Stlth
                                 (no amulet)
HPRegen 0.25/turn                e - ring of magical power
MPRegen 0.12/turn                (no ring)

@: no status effects
A: horns 2, retaliatory headbutt
a: no special abilities


You were on level 2 of the Dungeon.
You visited 1 branch of the dungeon, and saw 2 of its levels.

You collected 48 gold pieces.

Inventory:

Hand Weapons
 a - a +0 war axe (weapon)
Armour
 b - a +0 scale mail (worn)
 c - a +0 buckler (worn)
Jewellery
 e - a ring of magical power (left hand)
Scrolls
 h - a scroll of magic mapping {unknown}
Potions
 d - a potion of might
 f - a potion of degeneration {unknown}
 i - a potion of attraction


   Skills:
 + Level 4.1 Fighting
 * Level 3.5 Axes
 + Level 4.0 Armour
 + Level 4.1 Shields


You had 2 spell levels left.
You didn't know any spells.
Your spell library was empty.

Dungeon Overview and Level Annotations

Branches:
Dungeon (2/15)

Altars:


Innate Abilities, Weirdness & Mutations

You have a pair of horns on your head.
You reflexively headbutt those who attack you in melee.


Message History

You slash the hobgoblin!
You kill the hobgoblin!
As you open the door, it creaks loudly!
There is an open door here.
You now have 48 gold pieces (gained 12).
A rat comes into view.
You closely miss the rat. You block the rat's attack.
You hit the rat.
You kill the rat!
You see here a rat corpse.
You feel your magic capacity increase.
e - a ring of magical power (left hand) Magic restored.
Found a flail.
Found an escape hatch in the floor.
There is an escape hatch in the floor here.
You see here a +0 flail.
You open the door.
Found a leather armour.
There is an open door here.
You see here a +0 leather armour.
You open the door.
There is an open door here.
You open the door.
There is an open door here.
You open the door.
There is an open door here.
An adder comes into view.
The adder hisses angrily.
A worm comes into view.
You slash the adder!
You kill the adder!
You barely miss the worm. Your headbutt misses the worm. The worm bites you.
You hit the worm but do no damage. You hit the worm.
The worm is moderately wounded.
The worm closely misses you.
You slash the worm! You headbutt the worm.
You kill the worm!
Found 4 stones.
Are you sure you want to abandon this character and quit the game? (Confirm with "yes".)

######### ........#
...(....################
#@................
#..############### #....
....### .....# .......#
..###..# .. #..#


There were no monsters in sight!

Vanquished Creatures
  An adder (D:2)
  A worm (D:2)
  A dart slug (D:1)
  2 ball pythons (D:1)
  3 bats (D:1)
  2 endoplasms (D:1)
  2 goblins (D:1)
  5 hobgoblins
  3 jackals (D:1)
  3 kobolds (D:1)
  A quokka (D:1)
  A frilled lizard (D:1)
  4 rats
29 creatures vanquished.

Notes
Turn   | Place    | Note
-------+----------+-------------------------------------------
     0 | D:1      | bmack86 the Minotaur Fighter began the quest for the Orb.
     0 | D:1      | Reached XP level 1. HP: 19/19 MP: 0/0
   136 | D:1      | Reached XP level 2. HP: 22/27 MP: 1/1
   540 | D:1      | Reached XP level 3. HP: 33/33 MP: 2/2
  1075 | D:2      | Quit the game

Illustrated notes

Levels and vault maps discovered:
D:1:      dpeg_arrival_three_same_balls, layout_basic
D:2:      layout_basic, hellmonk_ecumenical_altar_zigzags, basic_altar,
          chequers_hall_statues_wall_a, minmay_misc_feat_cross

Skill      XL: |  1  2  3 |
---------------+----------+-----
Axes           | 3 |  3.5
Shields        | 4 |  4.1
Fighting       | 4 |  4.1
Armour         | 4 |  4.0

Action                     || total
---------------------------++-------
  Melee: War axe           ||    52
         Headbutt          ||     6
    Use: Scroll            ||     1
 Armour: Scale mail        ||    37
  Dodge: Dodged            ||    28
  Block: Buckler           ||    14

Table legend: (Time is in decaauts)
 A = Elapsed time spent in this place.
 B = Non-inter-level travel time spent in this place.
 C = Inter-level travel time spent in this place.
 D = Time resting spent in this place.
 E = Time spent auto-exploring this place.
 F = Levels seen in this place.
 G = Mean time per level.
                   A        B        C        D        E       F      G
               +--------+--------+--------+--------+--------+-----+--------+
         Total |   1094 |   1085 |      9 |      0 |    887 |   2 |  547.0 |
       Dungeon |   1094 |   1085 |      9 |      0 |    887 |   2 |  547.0 |
               +--------+--------+--------+--------+--------+-----+--------+

Top non-repeatable levels by time:
     D:1: 859 daAuts
     D:2: 235 daAuts
